 Dungeon Crawl Stone Soup version 0.30-a0-352-g1e81539c98 (webtiles) character file.

Game seed: 8848394471966550315

15931 Bnni the Cleaver (level 12, -11/150 HPs)
             Began as a Formicid Fighter on Nov 7, 2022.
             Was the Champion of Okawaru.
             Mangled by a skeletal warrior
             ... wielding a +0 trident
              (20 damage)
             ... on level 12 of the Dungeon.
             The game lasted 00:14:04 (9082 turns).

Bnni the Cleaver (Formicid Fighter)                 Turns: 9082, Time: 00:14:05

Health: -11/150    AC: 26    Str: 25    XL:     12   Next: 63%
Magic:  20/20      EV:  2    Int: 11    God:    Okawaru [******]
Gold:   789        SH:  6    Dex: 11    Spells: 11/11 levels left

rFire   . . .      SeeInvis .    J - +10 battleaxe "Yploutiax" {vorpal, rElec rCorr Int+2 Dex-2}
rCold   . . .      Faith    .    E - +0 buckler
rNeg    . . .      Spirit   .    (body armour currently unavailable)
rPois   +          Reflect  .    (helmet unavailable)
rElec   +          Harm     .    (cloak currently unavailable)
rCorr   +          Rampage  .    (gloves currently unavailable)
Will    +....                    (boots currently unavailable)
Stlth   +++.......               K - amulet of regeneration
HPRegen 1.25/turn                I - +4 ring of evasion
MPRegen 0.17/turn                b - ring of resist corrosion

@: tree-form, heroic
A: stationary, stasis, torment immunity, boosted hp, permanent stasis, dig
shafts and tunnels, (antennae 3), four strong arms
a: Renounce Religion, Heroism, Finesse, Duel


You were on level 12 of the Dungeon.
You worshipped Okawaru.
Okawaru was exalted by your worship.
You were a tree.
You visited 2 branches of the dungeon, and saw 13 of its levels.

You collected 789 gold pieces.

Inventory:

Hand Weapons
 J - the +10 battleaxe "Yploutiax" (weapon) {vorpal, rElec rCorr Int+2 Dex-2}
   (Okawaru gifted it to you on level 8 of the Dungeon)

   It inflicts extra damage upon your enemies.
   Int:       It affects your intelligence (+2).
   Dex:       It affects your dexterity (-2).
   rElec:     It insulates you from electricity.
   rCorr:     It protects you from acid and corrosion.
Missiles
 e - 3 silver javelins
 x - 6 boomerangs (quivered)
 y - 4 datura-tipped darts
 C - a curare-tipped dart
Armour
 r - a +1 pair of gloves (melded)
 v - a +0 plate armour of cold resistance (melded)
 E - a +0 buckler (worn)
 H - a +0 cloak (melded)
Jewellery
 b - a ring of resist corrosion (right branch)
 s - a ring of ice
 A - a ring of positive energy
 I - a +4 ring of evasion (left branch)
 K - an amulet of regeneration (around neck)
 Q - a ring of protection from cold
Wands
 c - a wand of polymorph (7)
 p - a wand of mindburst (3)
 w - a wand of digging (8)
 G - a wand of paralysis (7)
 O - a wand of iceblast (10)
Scrolls
 a - 4 scrolls of immolation {unknown}
 f - 3 scrolls of torment {unknown}
 h - 3 scrolls of enchant armour
 j - 2 scrolls of amnesia {unknown}
 k - 2 scrolls of teleportation {unknown}
 l - 2 scrolls of magic mapping {unknown}
 m - 2 scrolls of silence
 o - 2 scrolls of acquirement {unknown}
 t - 2 scrolls of fear
 u - 2 scrolls of noise {unknown}
 D - 5 scrolls of butterflies {unknown}
 F - a scroll of vulnerability {unknown}
 L - 4 scrolls of brand weapon {unknown}
Potions
 d - 3 potions of might
 g - 2 potions of curing
 i - 2 potions of ambrosia
 n - 2 potions of brilliance
 q - a potion of lignification
 z - 5 potions of attraction {unknown}
 B - a potion of invisibility
 M - 2 potions of mutation
 N - 2 potions of flight
 P - a potion of cancellation {unknown}
 R - a potion of resistance {unknown}
 S - 2 potions of berserk rage {unknown}


   Skills:
 + Level 11.3(16.3) Fighting
 * Level 14.0(19.0) Axes
 - Level 3.2(8.2) Armour
 - Level 5.0(10.0) Shields
 + Level 11.6 Invocations


You had 11 spell levels left.
You didn't know any spells.
Your spell library contained the following spells:

 Spells                   Type           Power      Damage    Failure   Level
 Frozen Ramparts          Ice            0%         1d1       77%         3
 Gell's Gravitas          Tloc           0%         N/A       77%         3
 Hailstorm                Conj/Ice       0%         3d3       77%         3
 Inner Flame              Hex/Fire       0%         N/A       77%         3
 Portal Projectile        Hex/Tloc       0%         N/A       77%         3
 Teleport Other           Tloc           0%         N/A       77%         3
 Flame Wave               Conj/Fire      0%         2d4       99%         4
 Ice Form                 Ice/Tmut       0%         N/A       99%         4
 Leda's Liquefaction      Hex/Erth       0%         N/A       99%         4
 Sticky Flame             Conj/Fire      0%         2d3       99%         4
 Dispersal                Tloc           0%         N/A       100%        6
 Call Canine Familiar     Summ           Unusable   N/A       N/A         3
 Summon Ice Beast         Ice/Summ       Unusable   N/A       N/A         4
 Simulacrum               Ice/Necr       Unusable   N/A       N/A         6

Dungeon Overview and Level Annotations

Branches:
Dungeon (12/15)            Temple (1/1) D:4            Lair (0/5) D:8
    Orc (0/2) D:11

Altars:
Ashenzari
Cheibriados
Dithmenos
Elyvilon
Fedhas
Gozag
Hepliaklqana
Kikubaaqudgha
Makhleb
Nemelex Xobeh
Okawaru
Qazlal
Ru
Sif Muna
Trog
Uskayaw
Vehumet
Wu Jian
Xom
Yredelemnul
Zin
The Shining One

Shops:
D:2 (   D:5 (


Innate Abilities, Weirdness & Mutations

You are a tree.
Your roots penetrate the ground, keeping you stationary.
You cannot be teleported.
You are immune to unholy pain and torment.
Your maximum health is greatly increased.
Your equipment is partially melded.
You cannot be hasted, slowed, berserked, paralysed or teleported.
You can dig through walls and to a lower floor.
((You have a pair of large antennae on your head. (SInv)))
Your four strong arms can wield two-handed weapons with a shield.


Message History

You slash the skeletal warrior!
You block the skeletal warrior's attack.
The skeletal warrior hits you from afar with a +0 trident.
The skeletal warrior hits you with a +0 halberd!
You slash the skeletal warrior!
The skeletal warrior is almost destroyed.
You slash the skeletal warrior! You slash the skeletal warrior!
You destroy the skeletal warrior!
Okawaru is honoured by your kill.
You closely miss the skeletal warrior.
The skeletal warrior hits you from afar with a +0 trident.
The skeletal warrior closely misses you.
You slice the skeletal warrior!!
You destroy the skeletal warrior!
Okawaru accepts your kill.
The skeletal warrior hits you from afar with a +0 trident!
Your base Axes skill increases to level 14!
A skeletal warrior comes into view. It is wielding a +0 mace.
The skeletal warrior hits you with a +0 trident!
* * * LOW HITPOINT WARNING * * *
You slice the skeletal warrior!!
The skeletal warrior is heavily damaged.
The skeletal warrior hits you with a +0 trident!
* * * LOW HITPOINT WARNING * * *
You barely miss the skeletal warrior.
The skeletal warrior is heavily damaged.
The skeletal warrior hits you with a +0 trident.
* * * LOW HITPOINT WARNING * * *
You feel better.
The skeletal warrior hits you with a +0 trident!!
* * * LOW HITPOINT WARNING * * *
Okay, then.
Really quaff the potion of lignification?
You turn into a tree.
Your +0 cloak melds into your body.
Your +1 pair of gloves melds into your body.
Your +0 plate armour of cold resistance melds into your body.
You feel less resistant to cold.
Your roots penetrate the ground.
The skeletal warrior hits you with a +0 trident!!
You die...

#..... ...
#............#......###.
.........#...#..........
..#.#...##..............
..####.##...............
...###......?..........#
...#..............z....
...............))z.#
....#...........♣..#
....#..............#
..................$#
.................###
....###..........#
.....#......).......
.....................
..###............)#..
..##..............###


You could see 2 skeletal warriors.

Vanquished Creatures
  A centaur warrior (D:9)
  4 two-headed ogres
  Nergalle (D:10)
  2 skeletal warriors (D:12)
  The ghost of splatterpode the Poker, a novice OpFi of Ashenzari (D:7)
  A deep elf pyromancer (D:12)
  A gargoyle (D:10)
  A kobold demonologist (D:11)
  Psyche (D:8)
  2 unseen horrors (D:11)
  2 komodo dragons
  2 trolls
  2 dream sheep (D:8)
  A shadow (D:7)
  2 wraiths (D:12)
  A vampire (D:12)
  A wyvern (D:10)
  Grum (D:9)
  20 yaks
  An acid dragon (D:10)
  A swamp worm (D:8)
  5 orc warriors
  A sky beast (D:7)
  A black bear (D:7)
  An ice beast (D:6)
  An ogre (D:6)
  3 wolves (D:9)
  5 centaurs
  2 phantoms
  5 bullfrogs
  5 kobold brigands
  3 scorpions
  4 wights (D:8)
  4 killer bees (D:11)
  3 howler monkeys (D:11)
  6 hounds
  6 orc priests
  6 iguanas
  7 orc wizards
  5 adders
  2 shadow imps (D:7)
  A white imp (D:7)
  2 worms
  3 dart slugs
  31 orcs
  6 ball pythons
  5 endoplasms
  4 goblins
  5 hobgoblins
  7 jackals
  15 kobolds
  4 quokkas
  5 bats
  3 frilled lizards
  9 rats
224 creatures vanquished.

Vanquished Creatures (others)
  36 plants (D:8)
36 creatures vanquished.

Grand Total: 260 creatures vanquished

Notes
Turn   | Place    | Note
-------+----------+-------------------------------------------
     0 | D:1      | Bnni the Formicid Fighter began the quest for the Orb.
     0 | D:1      | Reached XP level 1. HP: 18/18 MP: 1/1
    45 | D:1      | Reached XP level 2. HP: 24/24 MP: 2/2
   456 | D:1      | Reached XP level 3. HP: 29/29 MP: 3/3
  1018 | D:2      | Reached skill level 5 in Shields
  1129 | D:2      | Found Pupyt's Weapon Shop.
  1156 | D:3      | Found an iron altar of Okawaru.
  1161 | D:3      | Became a worshipper of Warmaster Okawaru
  1167 | D:3      | Reached XP level 4. HP: 37/37 MP: 4/4
  1297 | D:3      | Reached skill level 3 in Axes
  1339 | D:3      | Identified the +9 hand axe of Discomfort {venom, rPois}
  1921 | D:4      | Noticed a scorpion
  1923 | D:4      | Reached skill level 1 in Invocations
  1923 | D:4      | Reached XP level 5. HP: 35/42 MP: 6/6
  1926 | D:4      | Reached skill level 4 in Axes
  1933 | D:4      | Reached * piety under Okawaru
  1934 | D:4      | Reached XP level 6. HP: 38/49 MP: 7/7
  2402 | D:4      | Found a staircase to the Ecumenical Temple.
  2411 | Temple   | Entered the Ecumenical Temple
  3004 | D:5      | Entered Level 5 of the Dungeon
  3065 | D:5      | Noticed a yak
  3066 | D:5      | Noticed a yak
  3066 | D:5      | Noticed a yak
  3066 | D:5      | Noticed a yak
  3067 | D:5      | Noticed a yak
  3067 | D:5      | Noticed a yak
  3072 | D:5      | Reached skill level 5 in Axes
  3072 | D:5      | Reached XP level 7. HP: 50/55 MP: 9/9
  3075 | D:5      | Killed a yak
  3076 | D:5      | Reached skill level 5 in Fighting
  3081 | D:5      | Killed a yak
  3083 | D:5      | Reached skill level 6 in Axes
  3083 | D:5      | Reached XP level 8. HP: 54/63 MP: 11/11
  3089 | D:5      | Killed a yak
  3089 | D:5      | Reached ** piety under Okawaru
  3091 | D:5      | Killed a yak
  3097 | D:5      | Killed a yak
  3098 | D:5      | Reached skill level 7 in Axes
  3098 | D:5      | Reached skill level 5 in Invocations
  3098 | D:5      | Killed a yak
  3099 | D:5      | Reached XP level 9. HP: 12/71 MP: 13/13
  3296 | D:5      | Found Joaggenn's Weapon Shop.
  3301 | D:5      | Identified the +10 whip of Truncation {antimagic, rElec}
  3714 | D:6      | Reached *** piety under Okawaru
  3759 | D:6      | Found a white marble altar of Elyvilon.
  3783 | D:6      | Reached skill level 8 in Axes
  3899 | D:6      | Found a shimmering altar of Xom.
  4851 | D:7      | Reached skill level 9 in Axes
  4907 | D:7      | Found a large runed translucent door.
  4907 | D:7      | Found a large runed translucent door.
  4909 | D:7      | Noticed splatterpode's ghost (novice OpFi)
  4930 | D:7      | Killed splatterpode's ghost
  4930 | D:7      | Reached **** piety under Okawaru
  4931 | D:7      | Reached XP level 10. HP: 61/80 MP: 15/15
  5016 | D:7      | Found a shimmering blue altar of Sif Muna.
  5020 | D:7      | Found a glowing golden altar of the Shining One.
  5023 | D:7      | Found a shadowy altar of Dithmenos.
  5023 | D:7      | Found an ancient bone altar of Kikubaaqudgha.
  5030 | D:7      | Found a hazy altar of Hepliaklqana.
  5257 | D:7      | Reached skill level 10 in Axes
  5658 | D:8      | Reached ***** piety under Okawaru
  5669 | D:8      | Identified the +10 battleaxe "Yploutiax" {vorpal, rElec
                  | rCorr Int+2 Dex-2} (Okawaru gifted it to you on level 8 of
                  | the Dungeon)
  5669 | D:8      | Received a gift from Okawaru
  5678 | D:8      | Noticed a two-headed ogre
  5685 | D:8      | Killed a two-headed ogre
  5686 | D:8      | Reached skill level 11 in Axes
  5790 | D:8      | Noticed a komodo dragon
  5796 | D:8      | Killed a komodo dragon
  5841 | D:8      | Noticed Psyche
  5848 | D:8      | Killed Psyche
  5849 | D:8      | Reached XP level 11. HP: 86/89 MP: 14/17
  5870 | D:8      | Found a staircase to the Lair.
  6052 | D:8      | Noticed a three-headed hydra
  6055 | D:8      | a four-headed hydra changed into a swamp worm
  6385 | D:9      | Noticed Grum
  6394 | D:9      | Killed Grum
  6491 | D:9      | Found a glowing silver altar of Zin.
  6672 | D:9      | Reached skill level 12 in Axes
  6736 | D:9      | Received a gift from Okawaru
  6742 | D:9      | Noticed a two-headed ogre
  6745 | D:9      | Killed a two-headed ogre
  6746 | D:9      | Reached skill level 10 in Fighting
  6746 | D:9      | Reached skill level 10 in Invocations
  6813 | D:9      | Found a sacrificial altar of Ru.
  6925 | D:9      | Noticed a centaur warrior
  6934 | D:9      | Killed a centaur warrior
  7231 | D:10     | Entered Level 10 of the Dungeon
  7231 | D:10     | Noticed a two-headed ogre
  7238 | D:10     | Killed a two-headed ogre
  7243 | D:10     | Found a hide-covered altar of Uskayaw.
  7484 | D:10     | Identified the +4 mace of Nemelex Xobeh's Regard {spect,
                  | rElec rC+ Will- Str+10}
  7747 | D:10     | Noticed Nergalle
  7762 | D:10     | Killed Nergalle
  8189 | D:11     | Reached XP level 12. HP: 97/98 MP: 19/19
  8222 | D:11     | Reached skill level 13 in Axes
  8360 | D:11     | Found a sparkling altar of Nemelex Xobeh.
  8549 | D:11     | Found a staircase to the Orcish Mines.
  8617 | D:11     | Noticed a two-headed ogre
  8621 | D:11     | Killed a two-headed ogre
  9064 | D:12     | Noticed a skeletal warrior
  9067 | D:12     | Noticed a skeletal warrior
  9067 | D:12     | Noticed a skeletal warrior
  9076 | D:12     | Killed a skeletal warrior
  9076 | D:12     | Reached ****** piety under Okawaru
  9077 | D:12     | Killed a skeletal warrior
  9078 | D:12     | Reached skill level 14 in Axes
  9078 | D:12     | Noticed a skeletal warrior
  9081 | D:12     | HP: 5/100 [skeletal warrior/+0 trident (18)]
  9082 | D:12     | Mangled by a skeletal warrior

Illustrated notes

Levels and vault maps discovered:
D:1:      co_arrival_two_rings, layout_rooms
D:2:      layout_rooms, serial_shops, shop, kennysheep_pointless_box
D:3:      layout_basic, okawaru_metal_pillars_1_2, dk_noncrumbling_3
D:4:      minmay_chambers_of_threes, layout_basic, lemuel_temple_firewalk_b
D:5:      layout_rooms, serial_shops, nicolae_diamond_shop
D:6:      layout_gridville, old_standard_altar, xom_redecorated
D:7:      layout_loops_cross, nicolae_overflow_hallway_of_the_gods,
          ebering_ghost_disaster_area
D:8:      layout_loops_ring, david_lair_shrubbed, hangedman_ranch, uniq_psyche
D:9:      layout_long_grid, lemuel_doored_altar, zin_treasury,
          minmay_misc_feat_five, kennysheep_generic_room_8, uniq_grum
D:10:     layout_cave_pods, mainiacjoe_overflow_catwalk, uniq_nergalle
D:11:     nicolae_cairo_tiling_large, layout_basic,
          nicolae_concentric_dashed_squares_mild, nemelex_lonely_heart_becter
D:12:     minmay_stone_box, layout_cave_pools
Temple:   jpeg_temple_clearing

Skill      XL: |  1  2  3  4  5  6  7  8  9 10 11 12 |
---------------+-------------------------------------+-----
Shields        | 5 |  5.0
Axes           | 3 4 5 6 7 9 11 12 14 | 14.0
Fighting       | 4 5 6 7 9 10 11 | 11.3
Invocations    | 1 2 3 4 5 7 9 10 11 | 11.6
Armour         | |  3.2

Action                   |  1- 3 |  4- 6 |  7- 9 | 10-12 || total
-------------------------+-------+-------+-------+-------++-------
Melee: War axe           |    87 |     6 |       |       ||    93
       Hand axe          |       |    50 |   124 |    68 ||   242
       Battleaxe         |       |       |       |   199 ||   199
Throw: Dart              |       |       |       |     1 ||     1
Invok: Heroism           |       |     1 |       |     6 ||     7
       Finesse           |       |       |       |     1 ||     1
 Abil: Dig               |       |     1 |       |     1 ||     2
Evoke: Wand              |       |       |       |     1 ||     1
  Use: Scroll            |       |       |     5 |     7 ||    12
       Potion            |       |       |       |     3 ||     3
Armor: Scale mail        |    32 |       |       |       ||    32
       Chain mail        |     2 |    23 |    24 |       ||    49
       Plate armour      |       |       |    24 |   102 ||   126
Dodge: Dodged            |    55 |    21 |    45 |   120 ||   241
Block: Buckler           |    23 |    16 |    27 |    62 ||   128

Table legend: (Time is in decaauts)
 A = Elapsed time spent in this place.
 B = Non-inter-level travel time spent in this place.
 C = Inter-level travel time spent in this place.
 D = Time resting spent in this place.
 E = Time spent auto-exploring this place.
 F = Levels seen in this place.
 G = Mean time per level.
                   A        B        C        D        E       F      G
               +--------+--------+--------+--------+--------+-----+--------+
         Total |   9098 |   8628 |    470 |    263 |   6988 |  13 |  699.8 |
       Dungeon |   8959 |   8506 |    453 |    263 |   6878 |  12 |  746.6 |
        Temple |    139 |    122 |     17 |      0 |    110 |   1 |  139.0 |
               +--------+--------+--------+--------+--------+-----+--------+

Top non-repeatable levels by time:
     D:6: 1057 daAuts
     D:4: 984 daAuts
    D:10: 916 daAuts
     D:9: 875 daAuts
     D:7: 814 daAuts
    D:11: 783 daAuts
     D:8: 772 daAuts
     D:3: 732 daAuts
     D:5: 695 daAuts
     D:1: 609 daAuts
     D:2: 579 daAuts
    D:12: 140 daAuts
  Temple: 139 daAuts
